 Dungeon Crawl Stone Soup version 0.32-a0-450-g080537f31e (webtiles) character file.

Game seed: 2176038386180499994

275 pokeman the Magician (level 6, -2/34 HPs)
             Began as a Deep Elf Hedge Wizard on Feb 23, 2024.
             Was a Follower of Vehumet.
             Killed by nerve-wracking pain
             ... invoked by a shadow imp
              (5 damage)
             ... in a sewer.
             The game lasted 00:07:06 (3891 turns).

pokeman the Magician (Deep Elf Hedge Wizard)        Turns: 3891, Time: 00:07:07

Health: -2/34      AC:  3    Str:  7      XL:     6   Next: 3%
Magic:  8/26       EV: 12    Int: 21      God:    Vehumet [*.....]
Gold:   59         SH:  0    Dex: 11 (14) Spells: 10/18 levels left

rFire   . . .        h - +0 dagger (elec)
rCold   . . .        (no shield)
rNeg    . . .        b - +0 robe
rPois   .            l - +0 helmet
rElec   .            (no cloak)
rCorr   .            (no gloves)
SInv    .            (no boots)
Will    +....        (no amulet)
Stlth   ++           q - ring of magical power
HPRegen 0.25/turn    s - ring of willpower
MPRegen 0.20/turn

%: no passive effects
@: no status effects
A: no striking features
a: Renounce Religion


You were in a sewer.
You worshipped Vehumet.
Vehumet was aware of your devotion.
You visited 1 branch of the dungeon, and saw 4 of its levels.
You also visited: Sewer.

You collected 59 gold pieces.

Inventory:

Hand Weapons
 h - a +0 dagger of electrocution (weapon)
Armour
 b - a +0 robe (worn)
 l - a +0 helmet (worn)
Jewellery
 m - a ring of ice
 n - a ring of ice
 q - a ring of magical power (left hand)
 s - a ring of willpower (right hand)
Wands
 o - a wand of charming (9)
Scrolls
 c - a scroll of enchant weapon {unknown}
 g - a scroll of silence {unknown}
 i - 2 scrolls of vulnerability {unknown}
 k - a scroll of fog {unknown}
 u - a scroll of identify {unknown}
 w - a scroll of revelation {unknown}
Potions
 a - a potion of might {unknown}
 d - a potion of magic
 e - a potion of resistance {unknown}
 f - 3 potions of invisibility {unknown}
 j - 2 potions of heal wounds {unknown}
 p - 3 potions of curing {unknown}
 r - a potion of attraction {unknown}
 t - a potion of berserk rage {unknown}
 v - a potion of degeneration {unknown}
 x - a potion of haste {unknown}
 z - a potion of lignification {unknown}


   Skills:
 + Level 1.0 Fighting
 - Level 1.1 Armour
 - Level 3.0 Dodging
 - Level 3.0 Stealth
 * Level 6.6 Spellcasting
 + Level 2.9 Conjurations
 - Level 1.1 Summonings
 - Level 1.1 Translocations
 - Level 1.1 Air Magic
 - Level 1.0 Alchemy
 - Level 1.0 Evocations


You had 10 spell levels left.
You knew the following spells:

 Your Spells              Type           Power      Damage    Failure   Level
a - Magic Dart            Conj           76%        1d6       2%          1
b - Mephitic Cloud        Conj/Alch/Air  14%        N/A       14%         3
c - Call Imp              Summ           22%        N/A       9%          2
d - Blink                 Tloc           22%        N/A       9%          2

Your spell library contained the following spells:

 Spells                   Type           Power      Damage    Failure   Level
 Kiss of Death            Conj/Necr      52%        2d9       4%          1
 Slow                     Hex            28%        N/A       9%          1
 Cigotuvi's Dreadful Rot  Necr/Alch/Air  18%        N/A       11%         2
 Ensorcelled Hibernation  Hex/Ice        14%        N/A       14%         2
 Dazzling Flash           Conj/Hex       26%        N/A       16%         3
 Call Canine Familiar     Summ           11%        N/A       17%         3
 Swiftness                Air            11%        N/A       17%         3
 Passwall                 Erth           7%         N/A       26%         3
 Sigil of Binding         Hex            7%         N/A       26%         3
 Dimensional Bullseye     Hex/Tloc       4%         N/A       58%         4
 Silence                  Hex/Air        4%         N/A       90%         5
 Curse of Agony           Necr           7%         N/A       94%         5


Dungeon Overview and Level Annotations

Branches:
Dungeon (4/15)              Sewer (1/1)
 Temple: D:4-7

Altars:
Cheibriados
Qazlal
Vehumet
The Shining One


Message History

Aiming: Magic Dart (safe; 2% risk of failure)
Press: ? - help, Shift-Dir - straight line, f/p - quasit
Aim: a quasit (severely wounded, 100% to hit)
The magic dart hits the quasit but does no damage.
The quasit is severely wounded.
Unknown command.
Casting: Magic Dart (safe; 2% risk of failure)
Confirm with . or Enter, or press ? or * to list all spells.
Aiming: Magic Dart (safe; 2% risk of failure)
Press: ? - help, Shift-Dir - straight line, f/p - quasit
Aim: a quasit (severely wounded, 100% to hit)
The magic dart hits the quasit but does no damage.
The quasit is severely wounded.
Unknown command.
Casting: Magic Dart (safe; 2% risk of failure)
Confirm with . or Enter, or press ? or * to list all spells.
Aiming: Magic Dart (safe; 2% risk of failure)
Press: ? - help, Shift-Dir - straight line, f/p - quasit
Aim: a quasit (severely wounded, 100% to hit)
The magic dart hits the quasit but does no damage.
The quasit is severely wounded.
The quasit closely misses you.
The quasit claws you but does no damage.
The quasit misses you.
Casting: Magic Dart (safe; 2% risk of failure)
Confirm with . or Enter, or press ? or * to list all spells.
Aiming: Magic Dart (safe; 2% risk of failure)
Press: ? - help, Shift-Dir - straight line, f/p - quasit
Aim: a quasit (severely wounded, 100% to hit)
The magic dart hits the quasit.
The quasit is almost dead.
The quasit bites you but does no damage.
The quasit claws you but does no damage. x2
The quasit bites you.
* * * LOW HITPOINT WARNING * * *
The quasit barely misses you. The quasit closely misses you.
Unknown command.
The shadow imp gestures at you. Pain shoots through your body!
You die...

#)..#
#############)####
#≈~~#≈≈5~~~#...#≈≈≈
#≈~~~5~5K~K.....~~~~
#~~~#..§K.K#...#....
#≈~~#5#######≈#######+#
#~.~#.5K...#≈≈≈#......#
#~~~#~~~K5.#≈≈≈#..~~~~#
#~~~#≈~~≈~5.@≈...~≈≈≈~#
#≈~~#≈≈≈~≈K#..)#~~≈≈≈≈#
#≈≈≈#≈≈≈≈≈~≈...#≈~≈≈≈≈#
#≈≈≈≈≈≈#...#~≈≈≈≈≈#
#≈≈≈≈≈≈#...~≈≈≈≈≈≈#
#≈≈≈#≈≈≈≈≈~#.).#≈≈≈≈≈≈#
#≈≈≈#≈≈≈≈≈≈~...#≈≈≈≈≈≈#
#≈≈≈#≈≈≈≈≈≈~)..~~≈≈≈≈≈#
#≈≈≈#≈≈≈≈≈~#...#≈≈≈≈≈≈#


You could see a quasit, 3 shadow imps and 3 kobolds.

Vanquished Creatures
  A kobold brigand (Sewer)
  Jessica (D:2)
  An iguana (D:4)
  3 gnolls (D:3)
  3 adders (D:4)
  A river rat (D:4)
  A shadow imp (Sewer)
  An ufetubus (Sewer)
  3 dart slugs
  5 orcs
  9 bats
  6 endoplasms
  6 giant cockroaches
  6 hobgoblins
  2 jackals (D:1)
  23 kobolds
  3 quokkas
  8 ball pythons
  4 frilled lizards
  5 goblins
  7 rats
99 creatures vanquished.

Vanquished Creatures (others)
  An adder zombie (Sewer)
  A bat zombie (Sewer)
  An endoplasm (Sewer)
3 creatures vanquished.

Grand Total: 102 creatures vanquished

Notes
Turn   | Place    | Note
-------+----------+-------------------------------------------
     0 | D:1      | pokeman the Deep Elf Hedge Wizard began the quest for the
                  | Orb.
     0 | D:1      | Reached XP level 1. HP: 10/10 MP: 7/7
   340 | D:1      | Reached XP level 2. HP: 15/15 MP: 6/9
   671 | D:1      | Reached skill level 5 in Spellcasting
   801 | D:1      | Reached XP level 3. HP: 20/20 MP: 9/11
   805 | D:1      | Learned a level 3 spell: Mephitic Cloud
   808 | D:1      | Learned a level 2 spell: Call Imp
   811 | D:1      | Learned a level 2 spell: Blink
  1725 | D:2      | Reached skill level 1 in Fighting
  1842 | D:2      | Noticed Jessica
  1846 | D:2      | Killed Jessica
  1847 | D:2      | Reached skill level 1 in Armour
  1847 | D:2      | Reached XP level 4. HP: 25/25 MP: 7/13
  2416 | D:2      | Found a faded altar of an unknown god.
  2744 | D:3      | Found a snail-covered altar of Cheibriados.
  2883 | D:3      | Found a radiant altar of Vehumet.
  2891 | D:3      | Became a worshipper of Vehumet
  2913 | D:3      | Reached skill level 6 in Spellcasting
  3273 | D:3      | Found a glowing golden altar of the Shining One.
  3348 | D:3      | Found a stormy altar of Qazlal.
  3394 | D:3      | Reached XP level 5. HP: 29/29 MP: 15/15
  3533 | D:4      | Found a glowing drain.
  3549 | D:4      | Reached * piety under Vehumet
  3549 | D:4      | Offered knowledge of Kiss of Death by Vehumet.
  3587 | Sewer    | Entered a sewer
  3849 | Sewer    | Found a burning altar of Makhleb.
  3855 | Sewer    | Reached skill level 1 in Air Magic
  3855 | Sewer    | Reached skill level 1 in Alchemy
  3855 | Sewer    | Reached skill level 1 in Evocations
  3855 | Sewer    | Reached XP level 6. HP: 26/34 MP: 17/17
  3875 | Sewer    | HP: 1/34 [quasit (1)]
  3891 | Sewer    | Killed from afar by a shadow imp

Illustrated notes

Levels and vault maps discovered:
D:1:      dpeg_arrival_pits, layout_basic
D:2:      layout_basic, nicolae_ecumenical_lake_church,
          kennysheep_generic_room_3, uniq_jessica
D:3:      layout_basic, old_standard_altar, tso_oasis_becter,
          grunt_qazlal_sundering, nicolae_vehumet_radiance
D:4:      layout_loops_ring, portal_sewer_entry_a
Sewer:    kennysheep_sewer_church

Skill      XL: |  1  2  3  4  5 |
---------------+----------------+-----
Spellcasting   | 5 6 |  6.6
Fighting       | 1 |  1.0
Armour         | 1 |  1.1
Conjurations   | 2 |  2.9
Dodging        | 3 |  3.0
Stealth        | 3 |  3.0
Air Magic      | 1 |  1.1
Alchemy        | 1 |  1.0
Evocations     | 1 |  1.0
Summonings     | |  1.1
Translocations | |  1.1

Action                     |  1- 3 |  4- 6 || total
---------------------------+-------+-------++-------
  Melee: Dagger            |     8 |    30 ||    38
   Cast: Magic Dart        |   100 |   135 ||   235
         Mephitic Cloud    |       |     5 ||     5
         Call Imp          |       |     2 ||     2
         Blink             |       |     1 ||     1
   Stab: Sleeping          |     1 |     1 ||     2
         Confused          |       |     6 ||     6
 Armour: Robe              |    14 |    49 ||    63
  Dodge: Dodged            |    17 |    44 ||    61

Table legend: (Time is in decaauts)
 A = Elapsed time spent in this place.
 B = Non-inter-level travel time spent in this place.
 C = Inter-level travel time spent in this place.
 D = Time resting spent in this place.
 E = Time spent auto-exploring this place.
 F = Levels seen in this place.
 G = Mean time per level.
                   A        B        C        D        E       F      G
               +--------+--------+--------+--------+--------+-----+--------+
         Total |   3902 |   3807 |     95 |      9 |   3236 |   5 |  780.4 |
       Dungeon |   3591 |   3496 |     95 |      9 |   3027 |   4 |  897.8 |
         Sewer |    311 |    311 |      0 |      0 |    209 |   1 |  311.0 |
               +--------+--------+--------+--------+--------+-----+--------+

Top non-repeatable levels by time:
     D:2: 1314 daAuts
     D:1: 1304 daAuts
     D:3: 844 daAuts
   Sewer: 311 daAuts
     D:4: 127 daAuts
